 Dungeon Crawl Stone Soup version 0.28.0 (webtiles) character file.

Game seed: 10346445422783759409

178 GrayStillPlays the Shield-Bearer (level 5, -1/28 HPs)
             Began as a Vine Stalker Fighter on Feb 13, 2022.
             Killed from afar by an orc wizard (2 damage)
             ... with a magic dart
             ... on level 3 of the Dungeon.
             The game lasted 00:03:15 (3183 turns).

GrayStillPlays the Shield-Bearer (VSFi)             Turns: 3183, Time: 00:03:16

Health: -1/28      AC:  6    Str: 20    XL:     5   Next: 58%
Magic:  0/6        EV:  9    Int:  8    God:
Gold:   114        SH:  5    Dex: 14    Spells: 5/5 levels left

rFire   . . .      SeeInvis .   a - +0 war axe {axe}
rCold   . . .      Faith    .   c - +0 buckler
rNeg    . . .      Spirit   +   b - +0 scale mail
rPois   .          Reflect  .   (no helmet)
rElec   .          Harm     .   (no cloak)
rCorr   .          Rampage  .   (no gloves)
Will    .....                   (no boots)
Stlth   ..........              (no amulet)
HPRegen 0.89/turn               (no ring)
MPRegen 0.10/turn               (no ring)

@: no status effects
A: fangs 2, regeneration 1, magic shield, antimagic bite, no potion heal 2
a: no special abilities


You were on level 3 of the Dungeon.
You visited 1 branch of the dungeon, and saw 4 of its levels.

You collected 114 gold pieces.


Innate Abilities, Weirdness & Mutations

You have extremely sharp teeth.
Your natural rate of healing is unusually fast.
When hurt, damage is shared between your health and your magic reserves.
Your bite disrupts and absorbs the magic of your enemies.
Potions cannot restore your health.


   Skills:
 + Level 3.5 Fighting
 + Level 2.9 Axes
 + Level 3.2 Armour
 + Level 3.6 Shields
 + Level 0.5 Spellcasting


You had 5 spell levels left.
You didn't know any spells.
Your spell library contained the following spells:

 Spells                   Type           Power      Damage    Failure   Level
 Animate Skeleton         Necr           0%         N/A       83%         1
 Pain                     Necr           0%         1d4       83%         1
 Vampiric Draining        Necr           0%         2d6       99%         3

Inventory:

Hand Weapons
 a - a +0 war axe (weapon) {axe}
Missiles
 e - 47 sling bullets
 f - 58 arrows
 j - 13 bolts
 m - 110 stones (quivered) {throwing}
Armour
 b - a +0 scale mail (worn)
 c - a +0 buckler (worn)
 q - a +0 helmet
   (You took it off Robin on level 2 of the Dungeon)
Magical Staves
 p - a staff of air {!astaff}
   (You found it on level 2 of the Dungeon)
Jewellery
 l - a ring of magical power
   (You found it on level 2 of the Dungeon)
Wands
 d - a wand of polymorph (13)
   (You found it on level 2 of the Dungeon)
Scrolls
 g - a scroll of identify {unknown}
 h - a scroll of enchant weapon {unknown}
 i - a scroll of fear {unknown}
 k - a scroll of brand weapon {unknown}
 o - a scroll of immolation {unknown}
 r - a scroll of vulnerability {unknown}
 t - a scroll of acquirement {unknown}
 u - a scroll of enchant armour {unknown}
Potions
 n - a potion of curing {unknown}
 s - a potion of might
 v - a potion of berserk rage {unknown}

Dungeon Overview and Level Annotations

Branches:
Dungeon (4/15)
 Temple: D:4-7

Altars:

#.##.#..#.##....#
#.####.....##...##
#.# ##8....##...#
#.#######.####.#.#
...............#.#
..........######.#
########### #.# # #)#
# #@# # #{# #### #.#
...# #.####
##.#############....#
#................#.#
################.#.#
#.#.# #.#.#


There were no monsters in sight!


Message History

The orc barely misses you.
There is a stone staircase leading up here. 😮 HP[-1] MP[-1]
You take 1 damage, and now have 16/28 hp.
You lost 1 mp, and now have 3/6 mp.
The orc completely misses you.
The orc wizard hits you but does no damage.
The hound skeleton bites you.
In your confused state, you trip and fall back down the stairs.
The orc wizard hits you but does no damage.
The orc hits you with a +0 dagger.
* * * LOW HITPOINT WARNING * * *
The hound skeleton barely misses you. 😨 HP[-2]
You take 2 damage, and now have 14/28 hp.
The hound skeleton misses you.
You hear some strange, mumbled words.
Something tries to affect you, but you resist.
The orc wizard hits you with a +0 dagger.
* * * LOW HITPOINT WARNING * * *
The orc closely misses you.
In your confused state, you trip and fall back down the stairs.
* * * LOW HITPOINT WARNING * * *
The hound skeleton bites you but does no damage.
The orc wizard points at you and mumbles some strange words.
The puff of flame hits you!
* * * LOW HITPOINT WARNING * * *
The orc hits you but does no damage. 😱 HP[-7] MP[-1]
You take 7 damage, and now have 7/28 hp.
MASSIVE DAMAGE!! (PAUSE)
You lost 1 mp, and now have 2/6 mp.
You feel less confused. The hound skeleton closely misses you.
You block the orc's attack.
The orc wizard hits you but does no damage.
Something hits you.
* * * LOW HITPOINT WARNING * * *
You block the orc's attack. The hound skeleton closely misses you.
You climb upwards.
Reactivating autopickup.
There is a stone staircase leading down here.
You barely miss the orc wizard. You bite the orc wizard.
The orc wizard's magic leaks into the air.
You drain its magic.
You feel invigorated.
You barely miss the orc.
The orc wizard's magic is no longer disrupted.
The orc wizard hits you but does no damage.
The orc hits you with a +0 dagger. You block the orc's attack.
The orc wizard hits you but does no damage. 😨 HP[+2]
You regained 2 hp, and now have 9/28 hp.
You slash the orc wizard! Your bite misses the orc wizard. You slash the orc!
You kill the orc!
The orc wizard hits you with a +0 dagger.
* * * LOW HITPOINT WARNING * * *
The orc barely misses you.
You slash the orc wizard!
You kill the orc wizard!
You slash the orc! The orc misses you. 😨 HP[+1]
You barely miss the orc. You bite the orc.
You kill the orc!
You closely miss something. Something hits you but does no damage.
Deactivating autopickup; reactivate with Ctrl-A.
Something hits you but does no damage. 😨 HP[+2]
You regained 2 hp, and now have 12/28 hp.
You hit something. Your bite misses something. Something hits you.
* * * LOW HITPOINT WARNING * * *
😨 HP[-1]
You take 1 damage, and now have 11/28 hp.
You barely miss something. Your bite misses something.
Something hits you but does no damage. 😨 HP[+1]
You hit something.
You hear some strange, mumbled words.
A puff of flame appears from out of thin air!
The puff of flame hits you!
* * * LOW HITPOINT WARNING * * *
You block something's attack. 😱 HP[-5]
You take 5 damage, and now have 7/28 hp.
You closely miss something.
You hear some strange, mumbled words.
A magic dart appears from out of thin air!
The magic dart hits you!
* * * LOW HITPOINT WARNING * * *
😱 HP[-5] MP[-1]
You take 5 damage, and now have 2/28 hp.
You lost 1 mp, and now have 1/6 mp.
You closely miss something. Something hits you.
* * * LOW HITPOINT WARNING * * *
😱 HP[-1] MP[-1]
You take 1 damage, and now have 1/28 hp.
You lost 1 mp, and now have 0/6 mp.
You miss something. Your bite misses something. Something hits you.
* * * LOW HITPOINT WARNING * * *
You hear some strange, mumbled words.
A magic dart appears from out of thin air!
The magic dart hits you.
You die...

Skill      XL: |  1  2  3  4 |
---------------+-------------+-----
Axes           | 2 |  2.9
Fighting       | 3 |  3.5
Shields        | 3 |  3.6
Armour         | 3 |  3.2
Spellcasting   | |  0.5

Action                   |  1- 3 |  4- 6 || total
-------------------------+-------+-------++-------
Melee: War axe           |    72 |    97 ||   169
       Bite              |    16 |    25 ||    41
  Use: Potion            |     1 |       ||     1
Armor: Scale mail        |    27 |    49 ||    76
Dodge: Dodged            |    35 |    48 ||    83
Block: Buckler           |    13 |    24 ||    37

Levels and vault maps discovered:
D:1:      lightli_arrival_isolated_outpost, layout_rooms,
          shapermc_ecumenical_altar_mp_urbaneastern
D:2:      layout_basic, chequers_decorated_corner, st_stairs_8, uniq_robin
D:3:      minmay_roachtagon, layout_loops_ring, guppyfry_early_orc_mine
D:4:      layout_basic, serial_corexii_hall, corexii_hall_statues_i,
          chequers_hall_statues_wall_a, corexii_hall_statues_t,
          cheibrodos_sewer_entry_bend, minmay_misc_feat_secret_circle

Notes
Turn   | Place    | Note
-------+----------+-------------------------------------------
     0 | D:1      | GrayStillPlays the Vine Stalker Fighter began the quest for
                  | the Orb.
     0 | D:1      | Reached XP level 1. HP: 11/11 MP: 2/2
     0 | D:1      | magus.rc [v1.9.6]
   320 | D:1      | HP: 1/11 [hobgoblin (2)]
   678 | D:1      | You pick up a book of Necromancy and begin reading...
   678 | D:1      | You add the spells Pain, Animate Skeleton and Vampiric
                  | Draining to your library.
   688 | D:1      | Reached skill level 2 in Axes
   688 | D:1      | Reached XP level 2. HP: 15/16 MP: 0/3
  1093 | D:1      | Found a faded altar of an unknown god.
  1382 | D:2      | Noticed Robin
  1400 | D:2      | Reached skill level 3 in Fighting
  1400 | D:2      | Reached skill level 3 in Shields
  1400 | D:2      | Reached XP level 3. HP: 10/20 MP: 4/4
  1401 | D:2      | HP: 5/20 [goblin[Robin] (2)]
  1411 | D:2      | Killed Robin
  1413 | D:2      | HP: 4/20 [goblin[Robin] (1)]
  1415 | D:2      | HP: 1/20 [hobgoblin[Robin] (3)]
  2473 | D:3      | Gained mutation: Your natural rate of healing is unusually
                  | fast. [Vine Stalker growth]
  2473 | D:3      | Reached XP level 4. HP: 24/24 MP: 5/5
  2779 | D:3      | Reached skill level 3 in Armour
  2865 | D:3      | HP: 5/24 [orc priest/divine providence (10)]
  2872 | D:3      | Reached XP level 5. HP: 15/28 MP: 4/6
  3171 | D:4      | HP: 7/28 [orc wizard/puff of flame (7)]
  3180 | D:3      | HP: 7/28 [something/puff of flame (6)]
  3181 | D:3      | HP: 2/28 [something/magic dart (6)]
  3183 | D:3      | Killed from afar by an orc wizard

Vanquished Creatures
  An orc priest (D:3)
  An orc wizard (D:3)
  Robin (D:2)
  2 adders
  A worm (D:2)
  A dart slug (D:3)
  9 orcs
  3 endoplasms
  11 giant cockroaches (D:3)
  11 hobgoblins
  3 kobolds
  2 quokkas (D:3)
  2 ball pythons (D:3)
  7 bats
  3 frilled lizards
  11 goblins
  8 rats
77 creatures vanquished.

Table legend:
 A = Non-vault XP
 B = Vault XP
 C = Vault XP percentage of total XP
 D = Non-vault monster count
 E = Vault monster count
 F = Vault count percentage of total count
                 A         B        C        D         E       F
            +---------+---------+-------+---------+---------+-------
      Total |     180 |      75 |  29.4 |      47 |      30 |  39.0
            +---------+---------+-------+---------+---------+-------
        D:1 |      22 |       0 |   0.0 |      16 |       0 |   0.0
        D:2 |      23 |      36 |  61.0 |       5 |      12 |  70.6
        D:3 |     132 |      39 |  22.8 |      25 |      18 |  41.9
        D:4 |       3 |       0 |   0.0 |       1 |       0 |   0.0
            +---------+---------+-------+---------+---------+-------

Illustrated notes

Table legend:
 A = Kills in this place as a percentage of kills in entire the game.
 B = Kills by you in this place as a percentage of kills by you in the entire game.
 C = Kills by friends in this place as a percentage of kills by friends in the entire game.
 D = Other kills in this place as a percentage of other kills in the entire game.
 E = Experience gained in this place as a percentage of experience gained in the entire game.
 F = Experience gained in this place divided by the number of levels of this place that you have seen.
                   A       B       C       D       E      F
               +-------+-------+-------+-------+-------+----------------------
         Total | 100.0 | 100.0 |   N/A |   N/A | 100.0 |  63.8
       Dungeon | 100.0 | 100.0 |   N/A |   N/A | 100.0 |  63.8
               +-------+-------+-------+-------+-------+----------------------

Table legend: (Time is in decaauts)
 A = Elapsed time spent in this place.
 B = Non-inter-level travel time spent in this place.
 C = Inter-level travel time spent in this place.
 D = Time resting spent in this place.
 E = Time spent auto-exploring this place.
 F = Levels seen in this place.
 G = Mean time per level.
                   A        B        C        D        E       F      G
               +--------+--------+--------+--------+--------+-----+--------+
         Total |   3258 |   3215 |     43 |      0 |   2721 |   4 |  814.5 |
       Dungeon |   3258 |   3215 |     43 |      0 |   2721 |   4 |  814.5 |
               +--------+--------+--------+--------+--------+-----+--------+

Top non-repeatable levels by time:
     D:2: 1289 daAuts
     D:1: 1210 daAuts
     D:3: 739 daAuts
     D:4: 18 daAuts
